Map: Dreamcatcher LE

Players

Crow - Winner!

  • Race: Zerg Zerg
  • Spawn Location: 11:00

NoRegreT

  • Race: Zerg Zerg
  • Spawn Location: 5:00

Event: WCS Montreal 2018

VOD

Have the link to the VOD?

Description

Time

  • Played on: Sept. 7, 2018, 1:23 p.m.
  • Length: 11:03

All games in this series

Show
View Real Time Build Order
Export as new Build Order

Crow Zerg - Winner!

Build Orders: Hatch First 

Get SALT Encoding   

  12  0:00  Drone  
  13  0:12  Overlord  
  13  0:17  Drone  
  14  0:30  Drone x2  
  16  0:49  Hatchery  
  15  0:52  Drone  
  15  0:55  Drone  
  17  1:09  Spawning Pool  
  16  1:11  Extractor  
  16  1:14  Drone  
  16  1:17  Drone  
  17  1:22  Drone  
  18  1:28  Drone  
  19  1:45  Overlord  
  19  1:56  Queen  
  19  2:00  Drone  
  19  2:01  Queen  
  22  2:02  Zergling x4  
  26  2:13  Spine Crawler  
  26  2:14  Baneling Nest  
  24  2:18  Zergling x2  
  24  2:21  Zergling x2  
  25  2:24  Zergling x2  
  26  2:34  Zergling x4  
  27  2:47  Queen  
  28  2:58  Overlord  
  28  2:59  Baneling x2  
  28  3:03  Drone  
  25  3:29  Zergling x6  
  25  3:31  Queen  
  28  3:43  Zergling x2  
  29  3:49  Baneling x2  
  29  3:53  Hatchery  
  28  3:58  Drone  
  29  4:03  Drone x3  
  32  4:14  Metabolic Boost  
  31  4:17  Drone  
  32  4:24  Overlord  
  32  4:36  Drone  
  33  4:39  Drone x3  
  36  4:51  Lair  
  36  4:52  Drone  
  37  5:01  Drone  
  38  5:08  Drone  
  39  5:15  Baneling  
  39  5:16  Zergling x2  
  39  5:19  Drone x3  
  43  5:22  Hatchery  
  43  5:23  Overlord  
  43  5:28  Drone  
  43  5:29  Extractor  
  42  5:37  Drone x3  
  44  5:43  Drone x3  
  44  5:49  Zergling x4  
  49  5:57  Extractor x2, Zergling x4  
  48  5:58  Zergling x2  
  50  6:04  Zergling x10  
  50  6:08  Spire  
  54  6:13  Overlord  
  54  6:15  Baneling x2  
  54  6:21  Zergling x2  
  54  6:23  Baneling x2  
  55  6:26  Zergling x8  
  55  6:32  Zergling x2  
  59  6:36  Zergling x4  
  58  6:41  Zergling x2  
  58  6:42  Zergling x6  
  58  6:46  Overlord  
  62  6:53  Baneling x2  
  62  6:54  Baneling x2  
  62  6:58  Zergling x2  
  62  6:59  Zergling x4, Baneling  
  62  7:00  Baneling x6  
  65  7:04  Zergling x2  
  65  7:05  Zergling x6  
  58  7:18  Zergling x6  
  59  7:25  Baneling  
  59  7:26  Baneling x3, Zergling x2  
  59  7:27  Zergling x8  
  64  7:35  Mutalisk  
  64  7:36  Mutalisk  
  68  7:39  Zergling x4  
  70  7:51  Mutalisk  
  67  7:52  Zergling x2  
  67  7:53  Zergling x6  
  72  8:01  Mutalisk  
  66  8:14  Mutalisk  
  66  8:23  Queen  
  66  8:25  Mutalisk  
  69  8:29  Drone x4  
  73  8:35  Baneling x4  
  73  8:40  Zergling x6  
  76  8:46  Mutalisk  
  78  8:52  Zergling x2, Overlord  
  79  9:00  Baneling x3  
  72  9:05  Drone x5  
  69  9:15  Drone x4  
  72  9:24  Zergling x8  
  72  9:25  Zergling x2  
  72  9:30  Queen  
  66  9:35  Evolution Chamber  
  66  9:37  Mutalisk  
  60  9:46  Drone, Queen  
  60  9:52  Queen  
  65  9:58  Mutalisk  
  67  10:04  Baneling x2  
  67  10:05  Baneling  
  67  10:10  Mutalisk x2  
  71  10:17  Drone  
  71  10:18  Drone  
  73  10:25  Mutalisk x2  
  77  10:31  Mutalisk  
  79  10:40  Zergling x8  
Show
View Real Time Build Order
Export as new Build Order

NoRegreT Zerg 

Build Orders: 1 Base Baneling Bust, Pool First, Zergling Baneling 

Get SALT Encoding   

  12  0:00  Drone  
  13  0:11  Extractor  
  12  0:23  Spawning Pool  
  12  0:28  Drone  
  12  0:34  Drone  
  13  0:39  Drone  
  14  0:50  Overlord  
  14  1:11  Zergling x6  
  17  1:13  Metabolic Boost  
  17  1:27  Queen  
  17  1:32  Zergling x2  
  20  1:36  Zergling x2  
  21  1:47  Baneling Nest  
  21  1:51  Zergling x2  
  21  1:59  Overlord  
  21  2:06  Zergling x2  
  22  2:18  Zergling x2  
  23  2:26  Zergling x2  
  24  2:30  Baneling x2  
  24  2:37  Zergling x4  
  26  2:39  Zergling x2  
  26  2:40  Baneling  
  26  2:42  Zergling x2  
  27  2:57  Zergling x2  
  27  3:01  Baneling x3  
  27  3:02  Zergling x2  
  25  3:14  Drone  
  25  3:16  Baneling  
  25  3:17  Baneling  
  21  3:28  Drone  
  19  3:42  Hatchery  
  19  3:46  Drone  
  19  3:51  Drone  
  20  3:57  Evolution Chamber  
  19  4:03  Drone  
  19  4:07  Drone  
  21  4:16  Drone  
  20  4:18  Drone  
  20  4:23  Zerg Melee Weapons Level 1  
  21  4:28  Zergling x2  
  21  4:30  Zergling x2  
  23  4:34  Zergling x2  
  23  4:37  Drone  
  25  4:40  Drone  
  25  4:44  Drone  
  27  4:56  Overlord  
  27  5:13  Drone x2, Hatchery  
  26  5:18  Drone  
  27  5:25  Queen  
  27  5:27  Drone  
  30  5:30  Zergling x2  
  30  5:32  Zergling x2  
  32  5:39  Zergling x2  
  33  5:43  Zergling x4  
  33  5:44  Zergling x2  
  36  5:53  Overlord  
  36  6:02  Overlord  
  39  6:11  Zergling x10  
  39  6:15  Baneling x2  
  39  6:16  Baneling, Zergling x2  
  39  6:17  Zergling x2  
  43  6:23  Overlord  
  43  6:24  Zergling x6  
  47  6:25  Zergling x2  
  45  6:41  Baneling x4  
  45  6:43  Zergling x12  
  45  6:46  Zergling x2  
  52  6:48  Zergling x2  
  52  6:53  Zergling x6  
  55  6:57  Zergling x4  
  57  7:01  Baneling  
  41  7:24  Zergling x4  
  41  7:26  Zergling x2  
  41  7:27  Zergling x2  
  41  7:29  Baneling x2  
  42  7:31  Zergling x4  
  42  7:33  Zergling x4  
  42  7:34  Zergling x4  
  42  7:36  Zergling x2  
  48  7:37  Baneling  
  48  7:38  Zergling x2  
  48  7:41  Zergling x2  
  50  7:46  Zergling x6  
  50  7:51  Baneling x2  
  52  7:55  Zergling x2  
  52  7:59  Zergling x2  
  52  8:01  Zergling x2  
  48  8:08  Zergling x6  
  48  8:09  Zergling x4  
  50  8:14  Zergling x2  
  50  8:15  Zergling x2  
  50  8:20  Zergling x4  
  50  8:23  Zergling x4  
  50  8:25  Spore Crawler  
  52  8:27  Spore Crawler  
  52  8:28  Zergling x2  
  52  8:31  Zergling x2  
  52  8:33  Zergling x2  
  54  8:36  Zergling x2  
  54  8:41  Zergling x2  
  56  8:42  Baneling x2  
  56  8:43  Baneling  
  56  8:48  Zergling x4  
  58  8:56  Zergling x4  
  58  9:00  Baneling x2  
  58  9:02  Zergling x4  
  59  9:07  Zergling x4  
  53  9:12  Zergling x2  
  53  9:13  Baneling  
  51  9:19  Zergling x4  
  51  9:23  Zergling x2  
  50  9:25  Zergling x2  
  41  9:37  Zergling x4  
  38  9:41  Zergling x6  
  41  9:47  Zergling x2  
  41  9:49  Zergling x2  
  43  9:55  Zergling x2  
  44  10:01  Zergling x2  
  44  10:05  Zergling x2  
  46  10:13  Zergling x8  
  48  10:14  Zergling x2  
  48  10:16  Zergling x2  
  50  10:24  Baneling x5  
  50  10:27  Zergling x2  
  51  10:43  Overlord  
Tags
 
Add a new tag
Caveats
  • Supply blocks, unpowered buildings, or Contaminate may cause inaccurate times.
  • Supply counts are checked every 10 seconds.